 Seeded DCSS version 0.30.1 (webtiles) character file.

Game seed: 6351066067085065685 (custom seed)

284 Esekla the Grave Robber (level 6, -9/32 HPs)
             Began as a Deep Elf Necromancer on July 8, 2023.
             Was a Follower of Vehumet.
             Mangled by a gnoll
             ... wielding a +0 halberd
             ... led by a gnoll bouda
              (14 damage)
             ... on level 4 of the Dungeon.
             The game lasted 00:15:17 (2592 turns).

Esekla the Grave Robber (Deep Elf Necromancer)      Turns: 2592, Time: 00:15:18

Health: -9/32      AC:  4    Str:  5    XL:     6   Next: 7%
Magic:  6/14       EV: 13    Int: 22    God:    Vehumet [*.....]
Gold:   195        SH:  0    Dex: 15    Spells: 9/13 levels left

rFire   . . .        a - +2 dagger (vamp)
rCold   . . .        (no shield)
rNeg    . . .        y - +0 robe
rPois   .            w - +0 helmet
rElec   .            (no cloak)
rCorr   .            k - +0 pair of gloves
SInv    .            (no boots)
Will    .....        (no amulet)
Stlth   +++          (no ring)
HPRegen 0.25/turn    (no ring)
MPRegen 0.14/turn

%: no passive effects
@: no status effects
A: no striking features
a: Renounce Religion


You were on level 4 of the Dungeon.
You worshipped Vehumet.
Vehumet was aware of your devotion.
You visited 1 branch of the dungeon, and saw 4 of its levels.

You collected 195 gold pieces.

Inventory:

Hand Weapons
 a - a +2 vampiric dagger (weapon)
 r - a +0 spear
 s - the +5 rapier of the Hero {heavy, rN+ Dex+3}
   (You found it on level 3 of the Dungeon)

   Dex:       It affects your dexterity (+3).
   rN:        It protects you from negative energy.
Missiles
 p - 9 poisoned darts (quivered)
Armour
 k - a +0 pair of gloves (worn)
 w - a +0 helmet (worn)
 y - a +0 robe (worn)
Wands
 m - a wand of roots (6)
Scrolls
 e - a scroll of fear {unknown}
 f - 4 scrolls of identify {unknown}
 i - a scroll of amnesia {unknown}
 l - a scroll of immolation {unknown}
 n - a scroll of fog {unknown}
 q - a scroll of blinking {unknown}
 t - a scroll of enchant armour {unknown}
 u - 2 scrolls of enchant weapon {unknown}
 x - a scroll of summoning {unknown}
Potions
 b - a potion of magic
 c - a potion of attraction
 g - a potion of haste {unknown}
 h - a potion of heal wounds {unknown}
 j - 3 potions of curing {unknown}
 o - 2 potions of brilliance {unknown}
 v - a potion of mutation {unknown}


   Skills:
 + Level 2.2 Short Blades
 * Level 4.1 Dodging
 + Level 4.1 Stealth
 * Level 4.1 Spellcasting
 * Level 6.2 Necromancy
 * Level 0.1 Translocations
 + Level 0.8 Evocations


You had 9 spell levels left.
You knew the following spells:

 Your Spells              Type           Power      Damage    Failure   Level
a - Necrotise             Necr           100%       1d9       1%          1
d - Vampiric Draining     Necr           31%        2d8       2%          3

Your spell library contained the following spells:

 Spells                   Type           Power      Damage    Failure   Level
 Sandblast                Erth           8%         2d5       11%         1
 Animate Dead             Necr           31%        N/A       9%          4
 Lesser Beckoning         Tloc           10%        N/A       16%         2
 Agony                    Necr           31%        N/A       24%         5
 Gell's Gravitas          Tloc           5%         N/A       30%         3
 Teleport Other           Tloc           5%         N/A       30%         3


Dungeon Overview and Level Annotations

Branches:
Dungeon (4/15)
 Temple: D:4-7

Altars:
Hepliaklqana
Okawaru
Qazlal
Trog
Vehumet

Shops:
D:2 =   D:4 (


Message History

The gnoll barely misses you.
The gnoll hits you from afar with a +0 spear.
The gnoll bouda barks out a call to the hunt!
The gnolls pick up the pace!
The gnoll hits you from afar with a +0 spear.
The gnoll hits you with a +0 club. The gnoll attacks as you move away!
The gnoll closely misses you. The gnoll misses you.
The gnoll attacks as you move away! The gnoll barely misses you.
The gnoll attacks as you move away! The gnoll barely misses you.
The gnoll hits you from afar with a +0 spear.
The gnoll attacks as you move away! The gnoll hits you with a +0 whip.
* * * LOW HITPOINT WARNING * * *
Your attacks no longer feel as feeble.
Casting: Vampiric Draining (dangerous; 2% risk of failure)
Confirm with . or Enter, or press ? or * to list all spells.
Aiming: Vampiric Draining (dangerous; 2% risk of failure)
Press: ? - help, Shift-Dir - straight line, f - gnoll
Aim: a gnoll, wielding a +0 whip (covering ground quickly)
You draw life force from the gnoll!
You feel life coursing into your body.
The gnoll hits you from afar with a +0 spear.
* * * LOW HITPOINT WARNING * * *
The gnoll closely misses you.
The gnoll closely misses you. x2; The gnoll misses you.
Casting: Vampiric Draining (dangerous; 2% risk of failure)
Confirm with . or Enter, or press ? or * to list all spells.
Aiming: Vampiric Draining (dangerous; 2% risk of failure)
Press: ? - help, Shift-Dir - straight line, f/p - gnoll
Aim: a gnoll, wielding a +0 whip (severely wounded, covering ground quickly)
You draw life force from the gnoll!
You kill the gnoll!
Vehumet accepts your kill.
You feel life coursing into your body. The gnoll completely misses you.
The gnoll hits you but does no damage. The gnoll barely misses you.
The gnoll bouda attacks as you move away!
The gnoll bouda misses you.
The gnoll hits you from afar with a +0 spear.
* * * LOW HITPOINT WARNING * * *
The gnoll hits you from afar with a +0 halberd!
You die...

#...............###......
#.................+......
#...............)##......
#........................
........+........................
........#........................
........#........................
.......#....gg........#.........
.....#.....gg@<.....#.........
#...#.....g.......##.........
+####.?.#..............#.........
..................####.# ........
.##...............#....# ........
.##.....##.............#.........
...............................>.
.##....##...............######...
.##....##...............### #...


You could see a gnoll bouda and 4 gnolls.

Vanquished Creatures
  A black bear (D:2)
  A hound (D:3)
  An iguana (D:2)
  4 gnolls
  4 adders
  A worm (D:4)
  3 dart slugs
  4 orcs
  6 ball pythons
  4 bats
  4 endoplasms
  8 goblins
  5 hobgoblins
  A quokka (D:1)
  4 frilled lizards
  5 kobolds
  A rat (D:2)
57 creatures vanquished.

Notes
Turn   | Place    | Note
-------+----------+-------------------------------------------
     0 | D:1      | Esekla the Deep Elf Necromancer began the quest for the
                  | Orb.
     0 | D:1      | Reached XP level 1. HP: 10/10 MP: 6/6
   231 | D:1      | Reached skill level 5 in Necromancy
   231 | D:1      | Reached XP level 2. HP: 9/15 MP: 8/8
   485 | D:4      | Found an iron altar of Okawaru.
   496 | D:4      | Found a radiant altar of Vehumet.
   500 | D:4      | Became a worshipper of Vehumet
   719 | D:3      | Identified the +5 rapier of the Hero {heavy, rN+ Dex+3}
   742 | D:2      | Found Renulab's Jewellery Shop.
   824 | D:2      | Reached XP level 3. HP: 15/19 MP: 9/9
   828 | D:2      | Learned a level 3 spell: Vampiric Draining
  1045 | D:1      | Reached skill level 1 in Short Blades
  1283 | D:2      | Noticed a black bear
  1299 | D:2      | Killed a black bear
  1300 | D:2      | Reached XP level 4. HP: 24/24 MP: 9/11
  1300 | D:2      | Reached XP level 5. HP: 28/28 MP: 9/12
  1361 | D:2      | Reached * piety under Vehumet
  1361 | D:2      | Offered knowledge of Sandblast by Vehumet.
  1421 | D:2      | Reached skill level 6 in Necromancy
  1449 | D:2      | Found a faded altar of an unknown god.
  1940 | D:3      | Found a stormy altar of Qazlal.
  1943 | D:3      | Found a hazy altar of Hepliaklqana.
  1943 | D:3      | Found a bloodstained altar of Trog.
  2304 | D:4      | Found Ponaysk's Antique Weapon Boutique.
  2485 | D:4      | Reached XP level 6. HP: 32/32 MP: 14/14
  2592 | D:4      | Mangled by a gnoll

Illustrated notes

Levels and vault maps discovered:
D:1:      sevenhm_arrival_forest_fort_small_3, layout_rooms,
          chequers_serial_rivers_room_b, minmay_misc_feat_five
D:2:      layout_loops_ring, dreamdust_ecumenical_altar_angels_and_demons,
          serial_shops, shop
D:3:      layout_basic, grunt_temple_overflow_open, minmay_misc_feat_iff
D:4:      layout_basic, nicolae_overflow_quartered_altars, serial_shops,
          nicolae_diamond_shop

Skill      XL: |  1  2  3  4  5 |
---------------+----------------+-----
Necromancy     | 5 6 |  6.2
Dodging        | 3 4 |  4.1
Short Blades   | 1 2 |  2.2
Stealth        | 3 4 |  4.1
Spellcasting   | 4 |  4.1
Translocations | |  0.1
Evocations     | |  0.8

Action                     |  1- 3 |  4- 6 || total
---------------------------+-------+-------++-------
  Melee: Short sword       |     9 |       ||     9
         Unarmed           |     9 |       ||     9
         Dagger            |    86 |    47 ||   133
         Punch             |     1 |       ||     1
   Cast: Vampiric Draining |       |    10 ||    10
  Evoke: Wand              |     2 |       ||     2
    Use: Potion            |     2 |       ||     2
   Stab: Sleeping          |     5 |     6 ||    11
 Armour: Robe              |    21 |     4 ||    25
  Dodge: Dodged            |    49 |    27 ||    76
